 Dungeon Crawl Stone Soup version 0.25-a0-803-g58bd18402a (webtiles) character file.

Game seed: 2317999921762164671, levelgen mode: deterministic

3764 Maedhros the Martial Artist (level 10, 0/59 HPs)
             Began as an Octopode Artificer on Apr 19, 2020.
             Was a Priest of Cheibriados.
             Succumbed to a killer bee's poison
             ... on level 7 of the Dungeon.
             The game lasted 00:15:52 (4452 turns).

Maedhros the Martial Artist (Octopode Artificer)    Turns: 4452, Time: 00:15:53

Health: 0/59       AC:  3    Str: 18    XL:     10   Next: 15%
Magic:  8/15       EV: 14    Int: 20    God:    Cheibriados [***...]
Gold:   237        SH:  5    Dex: 24    Spells: 9/9 levels left

rFire    . . .     SeeInvis .   p - +6 scimitar
rCold    . . .     Gourm    .   e - +0 buckler
rNeg     . . .     Faith    .   y - +2 hat
rPois    .         Spirit   .   (no amulet)
rElec    .         Reflect  .   (no ring)
rCorr    .         Harm     .   (no ring)
MR       .....                  (no ring)
Stlth    +++++.....             (no ring)
HPRegen  0.19/turn              (no ring)
MPRegen  0.14/turn              (no ring)
                                (no ring)
                                (no ring)

@: lethally poisoned (0 -> -1), very slow
A: almost no armour, stealthy swim, amphibious, 8 rings, constrict 8, camouflage
1, gelatinous body 1
a: Bend Time, Temporal Distortion, Renounce Religion


You were on level 7 of the Dungeon.
You worshipped Cheibriados.
Cheibriados was most pleased with you.
You were very hungry.

You visited 1 branch of the dungeon, and saw 7 of its levels.
You also visited: Ossuary.

You collected 237 gold pieces.

Inventory:

Hand Weapons
 a - a +0 short sword
 l - a +6 falchion of freezing
 p - a +6 scimitar (weapon)
Missiles
 h - 8 atropa-tipped darts (quivered)
 k - 40 poisoned darts
Armour
 e - a +0 buckler (worn)
 y - a +2 hat (worn)
Wands
 b - a wand of random effects (17)
 o - a wand of polymorph (8)
 s - a wand of flame (6)
Scrolls
 i - 4 scrolls of remove curse
 j - 8 scrolls of identify
 m - 3 scrolls of random uselessness
 r - a scroll of fog
Potions
 c - a potion of brilliance
 u - a potion of degeneration
 v - 2 potions of might
Comestibles
 f - 7 rations


   Skills:
 + Level 1.4 Fighting
 - Level 1.0(4.7) Short Blades
 - Level 7.4 Long Blades
 + Level 2.2 Dodging
 - Level 8.4 Stealth
 + Level 0.8 Shields
 * Level 8.5 Unarmed Combat
 + Level 7.3 Evocations


You had 9 spell levels left.
You didn't know any spells.
Your spell library was empty.

Dungeon Overview and Level Annotations

Branches:
Dungeon (7/15)             Temple (0/1) D:7         Ossuary (visited)

Altars:
Cheibriados
Dithmenos
Gozag
Makhleb
Qazlal
Trog
Vehumet
Wu Jian

Shops:
D:6 *


Innate Abilities, Weirdness & Mutations

You cannot wear most types of armour.
You are very stealthy in the water. (Stealth+)
You are amphibious.
You can wear up to eight rings at the same time.
You can use your tentacles to constrict eight enemies at once.
Your skin changes colour to match your surroundings (Stealth+).
Your rubbery body absorbs attacks. (AC +1, EV +1)


Message History

You feel sick.
Okay, then.
Okay, then.
As you read the scroll labeled GYACRA WYLUH, it crumbles to dust.
It is a scroll of enchant weapon.
Your +5 scimitar glows red for a moment.
You fail to use your ability.
* * * LOW HITPOINT WARNING * * *
You feel sick.
You fail to use your ability.
You warp the flow of time around you!
You are feeling very hungry.
There is a lethal amount of poison in your body!
There is a lethal amount of poison in your body!
There is a lethal amount of poison in your body!
* * * LOW HITPOINT WARNING * * *
You feel sick.
Okay, then.
Okay, then.
You die...

#..y.....#
.y.......########
#.#.............###
........h..........
#..##†# .## #..##†# ..
# #..##.# .# .#
#..##.###.###.##
#..##@##........
##..##.##.......#
#...............#
#......#..............
..........#.##..##.#.
......#.#..........#.#
....###.#.....)......#
..###...##.###..##.###
#. .....#..##..# #


There were no monsters in sight!

Vanquished Creatures
  An orc warrior (D:6)
  Grinder (D:4)
  A hippogriff (D:7)
  Sigmund (D:5)
  2 hungry ghosts (D:7)
  Eustachio (D:4)
  4 ice beasts
  2 ogres
  4 centaurs
  A bullfrog (D:6)
  3 scorpions
  6 killer bees (D:7)
  7 wights
  3 crimson imps
  2 centaur zombies
  3 orc priests
  A jelly (D:7)
  4 orc wizards
  A human zombie (Ossuary)
  4 worker ants
  2 iguanas
  Ijyb (D:5)
  A killer bee zombie (D:6)
  A big kobold zombie (Ossuary)
  A hound zombie (D:5)
  2 mummies (Ossuary)
  A worker ant zombie (D:5)
  Robin (D:4)
  6 gnolls
  8 adders
  2 adder zombies
  An adder skeleton (D:5)
  2 worms
  2 leopard geckos
  16 orcs
  3 giant cockroaches
  9 goblins
  4 hobgoblins
  6 jackals
  5 kobolds
  2 quokkas
  4 bats
  5 frilled lizards
  4 goblin zombies
  5 hobgoblin zombies (Ossuary)
  10 kobold zombies (Ossuary)
  10 orc zombies (Ossuary)
  2 rats
  4 rat zombies
172 creatures vanquished.

Vanquished Creatures (collateral kills)
  A sky beast (D:6)
  A phantom (D:6)
  An adder (D:6)
  2 orcs
  A hobgoblin (D:4)
  2 quokkas (D:6)
  2 goblins
10 creatures vanquished.

Vanquished Creatures (others)
  A centaur (D:6)
  A bullfrog (D:6)
  A wight (D:4)
  A gnoll (D:4)
  A goblin (D:4)
  A jackal (D:3)
  An orc zombie (Ossuary)
7 creatures vanquished.

Grand Total: 189 creatures vanquished

Notes
Turn   | Place    | Note
-------+----------+-------------------------------------------
     0 | D:1      | Maedhros the Octopode Artificer began the quest for the
                  | Orb.
     0 | D:1      | Reached XP level 1. HP: 13/13 MP: 3/3
   165 | D:3      | Reached skill level 1 in Unarmed Combat
   165 | D:3      | Reached XP level 2. HP: 9/18 MP: 4/4
   709 | D:3      | Reached XP level 3. HP: 23/23 MP: 5/5
   792 | D:4      | Noticed Eustachio
   796 | D:4      | Killed Eustachio
   796 | D:4      | Reached XP level 4. HP: 28/28 MP: 5/7
   796 | D:4      | Reached XP level 5. HP: 33/33 MP: 5/8
   831 | D:4      | Found a burning altar of Makhleb.
   832 | D:4      | Found a radiant altar of Vehumet.
   881 | D:4      | Found a shadowy altar of Dithmenos.
   888 | D:4      | Reached skill level 1 in Long Blades
   888 | D:4      | Reached XP level 6. HP: 24/38 MP: 9/9
   927 | D:4      | HP: 1/38 [poisoned by a worker ant]
  1302 | D:4      | Noticed Robin
  1313 | D:4      | Killed Robin
  1640 | D:4      | Reached XP level 7. HP: 39/43 MP: 10/10
  1661 | D:4      | Reached skill level 5 in Evocations
  1706 | D:4      | Reached skill level 5 in Stealth
  1729 | D:4      | Noticed Grinder
  1996 | D:4      | Killed Grinder
  1996 | D:4      | Reached skill level 5 in Unarmed Combat
  2114 | D:5      | Entered Level 5 of the Dungeon
  2132 | D:5      | Reached XP level 8. HP: 42/48 MP: 11/11
  2506 | D:5      | Noticed Sigmund
  2574 | D:5      | Killed Sigmund
  2729 | D:5      | Noticed Ijyb
  2733 | D:5      | Killed Ijyb
  2733 | D:5      | Reached skill level 5 in Long Blades
  2777 | D:5      | You fall into a shaft and drop 2 floors!
  2777 | D:7      | Found a snail-covered altar of Cheibriados.
  2781 | D:7      | Found a sand-covered staircase.
  2782 | D:7      | Became a worshipper of Cheibriados the Contemplative
  2814 | Ossuary  | Entered an ossuary
  3098 | Ossuary  | Reached * piety under Cheibriados
  3246 | Ossuary  | Reached XP level 9. HP: 40/53 MP: 13/13
  3330 | D:6      | Found an opulent altar of Gozag.
  3330 | D:6      | Found Gozag's Platinum Reserve.
  3465 | D:6      | Reached ** piety under Cheibriados
  3691 | D:5      | Found a stormy altar of Qazlal.
  4209 | D:7      | Reached *** piety under Cheibriados
  4209 | D:7      | Reached XP level 10. HP: 16/58 MP: 15/15
  4280 | D:7      | Found a bloodstained altar of Trog.
  4281 | D:7      | Found an ornate altar of the Wu Jian Council.
  4377 | D:7      | Found a staircase to the Ecumenical Temple.
  4446 | D:7      | HP: 2/59 [poisoned by a killer bee]
  4452 | D:7      | Succumbed to a killer bee's poison

Levels and vault maps discovered:
D:1:      dpeg_arrival_rooms_with_view, layout_basic,
          hangedman_decor_clover_reticule
D:2:      layout_basic
D:3:      layout_rooms, nemelex_xobeh_ov_fountains_minmay, lemuel_round_altar,
          grunt_decor_clamped
D:4:      layout_loops_cross, grunt_temple_overflow_lords_of_destruction,
          grunt_dithmenos_smoke, first_ration, mrwooster_statue_mirror,
          uniq_grinder, uniq_eustachio, uniq_robin
D:5:      layout_cave_pools, nicolae_qazlal_general_emergency,
          minmay_increasing_density, uniq_sigmund, uniq_ijyb
D:6:      layout_cave_pools, nicolae_gozag_zags_fifth_avenue,
          supply_closet_lemuel
D:7:      layout_basic, lemuel_crystal_altar, gammafunk_temple_overflow_pools,
          minmay_temple_entry_slanted, enter_ossuary_3

Skill      XL: |  1  2  3  4  5  6  7  8  9 |
---------------+----------------------------+-----
Unarmed Combat | 1 3 4 5 6 8 |  8.5
Stealth        | 2 3 4 5 6 8 |  8.4
Evocations     | 4 5 6 7 |  7.3
Long Blades    | 1 2 3 5 7 |  7.4
Fighting       | |  1.4
Short Blades   | |  1.0
Dodging        | |  2.2
Shields        | |  0.8

Action                   |  1- 3 |  4- 6 |  7- 9 | 10-12 || total
-------------------------+-------+-------+-------+-------++-------
Melee: Short sword       |    38 |     2 |       |       ||    40
       Constrict         |     7 |    14 |    59 |     7 ||    87
       Tentacles         |     3 |     9 |    43 |     3 ||    58
       Falchion          |       |    47 |     4 |       ||    51
       Punch             |       |     3 |    11 |     3 ||    17
       Scimitar          |       |       |   177 |    22 ||   199
Throw: Dart              |       |       |     1 |       ||     1
Invok: Temporal Distorti |       |       |       |     2 ||     2
Evoke: Wand              |     6 |     8 |    49 |     7 ||    70
  Use: Scroll            |     2 |       |     3 |     1 ||     6
       Potion            |       |       |     8 |     3 ||    11
 Stab: Sleeping          |     3 |     2 |    25 |     1 ||    31
       Paralysed         |       |       |     3 |       ||     3
       Distracted        |       |       |     2 |       ||     2
       Confused          |       |       |     2 |       ||     2
  Eat: Chunk             |       |     2 |     4 |       ||     6
       Ration            |       |       |     2 |       ||     2
Armor: Skin              |     6 |     5 |    11 |     2 ||    24
Dodge: Dodged            |    45 |    23 |    97 |    26 ||   191
Block: Buckler           |       |       |       |     7 ||     7
       Rpst.: Falchion   |       |     9 |     2 |       ||    11
       Scimitar          |       |       |    35 |     5 ||    40

Table legend:
 A = Non-vault XP
 B = Vault XP
 C = Vault XP percentage of total XP
 D = Non-vault monster count
 E = Vault monster count
 F = Vault count percentage of total count
                 A         B        C        D         E       F
            +---------+---------+-------+---------+---------+-------
      Total |    4340 |    1038 |  19.3 |     127 |      57 |  31.0
            +---------+---------+-------+---------+---------+-------
        D:1 |      10 |       0 |   0.0 |       7 |       0 |   0.0
        D:2 |      42 |       0 |   0.0 |      10 |       0 |   0.0
        D:3 |      43 |       0 |   0.0 |      18 |       0 |   0.0
        D:4 |     678 |     543 |  44.5 |      26 |      13 |  33.3
        D:5 |     424 |     309 |  42.2 |      18 |       5 |  21.7
        D:6 |    1486 |       0 |   0.0 |      24 |       0 |   0.0
        D:7 |    1657 |       2 |   0.1 |      24 |       2 |   7.7
    Ossuary |       0 |     184 | 100.0 |       0 |      37 | 100.0
            +---------+---------+-------+---------+---------+-------
